 Dungeon Crawl Stone Soup version 0.18-a0-1805-g8ab820f (webtiles) character file.

62 M4edhros the Grave Robber (level 4, -7/27 HPs)
             Began as an Octopode Necromancer on Apr 25, 2016.
             Mangled by a spriggan
             ... wielding a +0 short sword
              (10 damage)
             ... on level 5 of the Dungeon.
             The game lasted 00:27:16 (1008 turns).

M4edhros the Grave Robber (Octopode Necromancer)    Turns: 1008, Time: 00:27:16

Health: -7/27      AC:  1    Str: 12    XL:     4   Next: 8%
Magic:  4/7        EV: 15    Int: 17    God:
Gold:   95         SH:  0    Dex: 13    Spells: 3 memorised, 2 levels left

rFire  . . .     SeeInvis .       - Unarmed
rCold  . . .     Gourm    .     (no shield)
rNeg   . . .     Faith    .     (helmet restricted)
rPois  .         Spirit   .     (no amulet)
rElec  .         Dismiss  .     j - +3 ring of evasion
rCorr  .         Reflect  .     (no ring)
SustAt .         Harm     .     (no ring)
MR     .....                    (no ring)
Stlth  +++.......               (no ring)
                                (no ring)
                                (no ring)
                                (no ring)

@: mighty, flying, not resistant to hostile enchantments, fairly stealthy
A: almost no armour, amphibious, 8 rings, constrict 8, camouflage 1, gelatinous
body 1
a: no special abilities


You were on level 5 of the Dungeon.
You were very hungry.

You visited 1 branch of the dungeon, and saw 5 of its levels.

You collected 95 gold pieces.

Inventory:

Missiles
 p - 17 poisoned needles
Jewellery
 j - a +3 ring of evasion (left tentacle)
Wands
 i - a wand of teleportation (4/9)
Scrolls
 c - 2 scrolls of random uselessness {unknown}
 d - a scroll of magic mapping {unknown}
 e - a scroll of teleportation {unknown}
 f - 2 scrolls of remove curse {unknown}
 g - 2 scrolls of identify {unknown}
 l - a scroll of fear {unknown}
 m - a scroll of enchant armour {unknown}
 o - a scroll of enchant weapon {unknown}
Potions
 q - a potion of invisibility {unknown}
Books
 a - a book of Necromancy

   Spells                             Type                      Level
   a - Pain                           Necromancy                   1
   b - Animate Skeleton               Necromancy                   1
   c - Vampiric Draining              Necromancy                   3
   d - Regeneration                   Charms/Necromancy            3
   e - Animate Dead                   Necromancy                   4
   f - Control Undead                 Necromancy                   4
Comestibles
 b - 4 bread rations
 h - a meat ration


   Skills:
 - Level 2.0 Dodging
 - Level 2.6 Stealth
 + Level 3.5 Unarmed Combat
 - Level 2.0 Spellcasting
 - Level 4.0 Necromancy


You had 2 spell levels left.
You knew the following spells:

 Your Spells              Type           Power        Failure   Level  Hunger
a - Pain                  Necr           ###.         3%          1    #......
b - Animate Skeleton      Necr           N/A          3%          1    #......
r - Regeneration          Chrm/Necr      #.........   24%         3    ###....


Dungeon Overview and Level Annotations

Branches:
Dungeon (5/15)
 Temple: D:4-7

Altars:
Elyvilon
Gozag
Makhleb
Ru
Sif Muna
Xom
The Shining One

Annotations:
D:3 exclusion: phantom


Innate Abilities, Weirdness & Mutations

You cannot wear most types of armour.
You are amphibious.
You can wear up to eight rings at the same time.
You can use your tentacles to constrict eight enemies at once.
Your skin changes colour to match your surroundings (Stealth).
Your rubbery body absorbs attacks (AC +1).


Message History

The spriggan hits you with a short sword!
Ouch! That really hurt!
Drink which item? (? for menu, Esc to quit)
It was a potion of flight.
You feel very buoyant.
You fly up into the air.
The spriggan hits you with a short sword.
* * * LOW HITPOINT WARNING * * *
Drink which item? (? for menu, Esc to quit)
It was a potion of might.
You feel very mighty all of a sudden. The spriggan misses you.
You closely miss the spriggan. Your grab misses the spriggan.
The spriggan is lightly wounded.
The spriggan misses you.
You closely miss the spriggan. Your grab misses the spriggan.
The spriggan closely misses you. The spriggan blocks your attack.
Your grab misses the spriggan.
The spriggan hits you with a short sword!
You die...

#..# #..#
#..# #..# ♣♣
#..# ♣♣. #..#
♣.. #..#
♣.♣♣♣ #..#
♣(@.♣♣♣♣ #..#
♣♣i♣.♣.♣♣
#..#
♣♣♣♣...♣♣#..#
♣♣♣..♣#..#
♣♣.♣#..#
♣.....#
♣♣♣#(.# #..#
#..#


You could see a spriggan.

Vanquished Creatures
  3 adders
  A giant gecko (D:1)
  An orc (D:4)
  4 bats
  2 giant cockroaches (D:1)
  7 goblins
  4 hobgoblins
  2 jackals (D:2)
  2 ball pythons
  A giant newt (D:4)
  2 kobolds
  3 rats (D:2)
32 creatures vanquished.

Notes
Turn   | Place    | Note
--------------------------------------------------------------
     0 | D:1      | M4edhros the Octopode Necromancer began the quest for the Orb.
     0 | D:1      | Reached XP level 1. HP: 11/11 MP: 3/3
    57 | D:2      | Reached skill level 1 in Unarmed Combat
   111 | D:1      | Reached XP level 2. HP: 3/17 MP: 1/5
   405 | D:1      | Reached XP level 3. HP: 1/21 MP: 1/6
   410 | D:1      | Learned a level 3 spell: Regeneration
   413 | D:1      | Learned a level 1 spell: Animate Skeleton
   513 | D:3      | Noticed a phantom
   590 | D:3      | Found a deep blue altar of Sif Muna.
   590 | D:3      | Found a white marble altar of Elyvilon.
   593 | D:3      | Found a glowing golden altar of the Shining One.
   593 | D:3      | Found a shimmering altar of Xom.
   594 | D:3      | Found a sacrificial altar of Ru.
   595 | D:3      | Found an opulent altar of Gozag.
   595 | D:3      | Found a burning altar of Makhleb.
   940 | D:5      | Entered Level 5 of the Dungeon
   981 | D:5      | Reached XP level 4. HP: 27/27 MP: 1/7
   999 | D:5      | Noticed a spriggan
  1008 | D:5      | Mangled by a spriggan

Vault maps used:
D:1:      mrwooster_arrival_statue
D:2:      serial_bayou_pond_d, hex_medium
D:3:      grunt_temple_overflow_open, minitemple, serial_undead,
          serial_undead_f, serial_undead_d, serial_undead_d, serial_undead_f
D:4:      uniq_crazy_yiuf_cottage
D:5:      forest_paths, grunt_temple_overflow_forces_of_nature, first_bread,
          uniq_blork_the_orc, uniq_edmund

Skill      XL: |  1  2  3 |
---------------+----------+-----
Unarmed Combat | 1 2 3 |  3.5
Dodging        | |  2.0
Stealth        | |  2.6
Spellcasting   | |  2.0
Necromancy     | |  4.0

Action                   |  1- 3 |  4- 6 || total
-------------------------+-------+-------++-------
Melee: Unarmed           |    43 |     6 ||    49
       Constrict         |     8 |       ||     8
       Tentacles         |     6 |       ||     6
 Cast: Pain              |    35 |       ||    35
       Regeneration      |     6 |       ||     6
       Animate Skeleton  |     1 |       ||     1
  Use: Potion            |       |     2 ||     2
 Stab: Sleeping          |     1 |     1 ||     2
  Eat: Chunk             |     1 |       ||     1
Armor: Skin              |     3 |       ||     3
Dodge: Dodged            |    23 |     4 ||    27
